 Dungeon Crawl Stone Soup version 0.30-a0-373-gd37427bb62 (webtiles) character file.

Game seed: 16244722455498658015

33 qeuew the Shield-Bearer (level 3, -1/33 HPs)
             Began as a Formicid Fighter on Nov 24, 2022.
             Slain by a gnoll
             ... wielding a +0 club
              (4 damage)
             ... on level 2 of the Dungeon.
             The game lasted 00:01:41 (1097 turns).

qeuew the Shield-Bearer (Formicid Fighter)          Turns: 1097, Time: 00:01:42

Health: -1/33      AC:  7    Str: 19 (20) XL:     3   Next: 47%
Magic:  3/3        EV:  9    Int:  3 (5)  God:
Gold:   62         SH:  5    Dex: 13 (15) Spells: 2/2 levels left

rFire   . . .      SeeInvis +    a - +0 war axe
rCold   . . .      Faith    .    c - +0 buckler
rNeg    . . .      Spirit   .    b - +0 scale mail
rPois   .          Reflect  .    (helmet unavailable)
rElec   .          Harm     .    (no cloak)
rCorr   .          Rampage  .    (no gloves)
Will    .....      Clarity  +    (no boots)
Stlth   ..........               (no amulet)
HPRegen 0.25/turn                (no ring)
MPRegen 0.08/turn                (no ring)

@: mighty
A: permanent stasis, dig shafts and tunnels, antennae 3, four strong arms,
clarity, dopey 1, robust 1, MP-powered wands
a: Dig, Shaft Self


You were on level 2 of the Dungeon.
You visited 1 branch of the dungeon, and saw 2 of its levels.

You collected 62 gold pieces.

Inventory:

Hand Weapons
 a - a +0 war axe (weapon)
Armour
 b - a +0 scale mail (worn)
 c - a +0 buckler (worn)
Potions
 d - a potion of might
 e - 3 potions of heal wounds


   Skills:
 + Level 3.6 Fighting
 + Level 2.4 Axes
 + Level 3.7 Armour
 + Level 4.5 Shields


You had 2 spell levels left.
You didn't know any spells.
Your spell library was empty.

Dungeon Overview and Level Annotations

Branches:
Dungeon (2/15)

Altars:


Innate Abilities, Weirdness & Mutations

You cannot be hasted, slowed, berserked, paralysed or teleported.
You can dig through walls and to a lower floor.
You have a pair of large antennae on your head. (SInv)
Your four strong arms can wield two-handed weapons with a shield.
You possess an exceptional clarity of mind.
You are dopey. (Int -2)
You are robust. (+10% HP)
You expend magic power (3 MP) to strengthen your wands.


Message History

The ball python constricts you. The gnoll hits you with a +0 whip.
You slice the ball python!!
You kill the ball python!
You slash the gnoll!
You kill the gnoll!
You slice the goblin!!
You kill the goblin!
You miss the frilled lizard.
The gnoll hits you from afar with a +0 spear.
The frilled lizard bites you but does no damage.
The frilled lizard closely misses you. The gnoll barely misses you.
The gnoll closely misses you. The frilled lizard barely misses you.
A gnoll comes into view. It is wielding a +0 club.
Things that are here:
a +0 club; a goblin corpse; a ball python corpse Unknown command.
You barely miss the frilled lizard. You completely miss the gnoll.
You block the gnoll's attack. The frilled lizard barely misses you.
You slice the frilled lizard!!
You kill the frilled lizard!
You barely miss the gnoll. The gnoll hits you with a +0 spear.
Unknown command.
The gnoll hits you with a +0 spear.
Things that are here:
a +0 whip; a gnoll corpse You barely miss the gnoll.
The gnoll hits you with a +0 spear. You block the gnoll's attack.
You barely miss the gnoll. x2; The gnoll hits you but does no damage.
The gnoll hits you with a +0 spear!
* * * LOW HITPOINT WARNING * * *
You barely miss the gnoll. x2; The gnoll closely misses you.
You block the gnoll's attack. The gnoll hits you but does no damage.
The gnoll hits you with a +0 club.
* * * LOW HITPOINT WARNING * * *
You slash the gnoll!
You kill the gnoll!
You hit the gnoll.
You feel a little less clever now. The gnoll hits you with a +0 club.
You die...

#.... {..# #.#.# #.# {
# #.#.## #.# #
#.#....## #.# .#
#.#.....#####.###.####
#.....................
###.....##..#.........
##...###..#g)##.####
##.## #..#)@# #
#.####..#..#
###...........# {
#.....##......#
#.###.##..##..# #.#
#รท....##..#
#<###.##..##..#
#.....##..##..#
###.####..##..#


You could see a gnoll.

Vanquished Creatures
  2 gnolls (D:2)
  A dart slug (D:1)
  5 bats
  2 endoplasms (D:1)
  A giant cockroach (D:2)
  3 goblins
  A hobgoblin (D:1)
  2 quokkas (D:1)
  A ball python (D:2)
  A frilled lizard (D:2)
  2 rats (D:1)
21 creatures vanquished.

Notes
Turn   | Place    | Note
-------+----------+-------------------------------------------
     0 | D:1      | qeuew the Formicid Fighter began the quest for the Orb.
     0 | D:1      | Reached XP level 1. HP: 18/18 MP: 1/1
   170 | D:1      | You fall into a shaft and drop 1 floor!
   290 | D:1      | Reached XP level 2. HP: 24/24 MP: 2/2
   806 | D:1      | Reached XP level 3. HP: 27/29 MP: 3/3
  1041 | D:1      | Gained mutation: You are robust. (+10% HP) [potion of
                  | mutation]
  1041 | D:1      | Gained mutation: You are dopey. (Int -2) [potion of
                  | mutation]
  1041 | D:1      | Gained mutation: You possess an exceptional clarity of
                  | mind. [potion of mutation]
  1041 | D:1      | Gained mutation: You expend magic power (3 MP) to
                  | strengthen your wands. [potion of mutation]
  1097 | D:2      | Slain by a gnoll

Illustrated notes

Levels and vault maps discovered:
D:1:      arrival_zaba_pyramid, layout_basic
D:2:      layout_loops_ring

Action                   || total
-------------------------++-------
Melee: War axe           ||    64
  Use: Potion            ||     6
       Scroll            ||     1
Armor: Scale mail        ||    41
Dodge: Dodged            ||    43
Block: Buckler           ||    23

Table legend: (Time is in decaauts)
 A = Elapsed time spent in this place.
 B = Non-inter-level travel time spent in this place.
 C = Inter-level travel time spent in this place.
 D = Time resting spent in this place.
 E = Time spent auto-exploring this place.
 F = Levels seen in this place.
 G = Mean time per level.
                   A        B        C        D        E       F      G
               +--------+--------+--------+--------+--------+-----+--------+
         Total |   1123 |   1108 |     15 |      0 |    928 |   2 |  561.5 |
       Dungeon |   1123 |   1108 |     15 |      0 |    928 |   2 |  561.5 |
               +--------+--------+--------+--------+--------+-----+--------+

Top non-repeatable levels by time:
     D:1: 1048 daAuts
     D:2: 75 daAuts
